 Seeded DCSS version 0.30-a0-879-ga8ba668304 (webtiles) character file.

Game seed: 20230314 (custom seed)

8444 a11behringer the Basher (level 11, -1/95 HPs)
             Began as a Green Draconian Berserker on Mar 14, 2023.
             Was a High Priest of Trog.
             Slain by a troll (14 damage)
             ... on level 10 of the Dungeon.
             The game lasted 00:30:37 (11398 turns).

a11behringer the Basher (DrBe)                     Turns: 11398, Time: 00:30:37

Health: -1/95      AC: 10    Str: 23    XL:     11   Next: 10%
Magic:  11/11      EV: 12    Int: 11    God:    Trog [*****.]
Gold:   734        SH: 14    Dex: 11    Spells: 10/10 levels left

rFire   . . .      SeeInvis +    f - +1 morningstar (freeze)
rCold   x . .      Faith    .    y - +0 kite shield
rNeg    . . .      Spirit   .    (body armour unavailable)
rPois   +          Reflect  +    (helmet restricted)
rElec   .          Rampage  .    r - scarf {+Inv}
rCorr   +                        q - +0 pair of gloves
Will    +++..                    g - +1 pair of boots
Stlth   +++                      c - amulet of reflection
HPRegen 1.35/turn                m - ring of willpower
MPRegen 0.12/turn                H - ring of Tufof {rC- rCorr Int+3 SInv}

@: short of breath, strong-willed (expiring), on berserk cooldown, regenerating
(expiring), slowed, very slow
A: breathe noxious fumes, AC +7, unfitting armour, poison resistance,
cold-blooded
a: Breathe Noxious Fumes, Renounce Religion, Evoke Invisibility, Berserk, Trog's
Hand, Brothers in Arms


You were on level 10 of the Dungeon.
You worshipped Trog.
Trog was extremely pleased with you.
You visited 1 branch of the dungeon, and saw 10 of its levels.
You also visited: Sewer and Ossuary.

You collected 734 gold pieces.

Inventory:

Hand Weapons
 a - a +0 mace
 f - a +1 morningstar of freezing (weapon)
 p - a +1 mace of protection
 E - a +1 broad axe of flaming
 G - a +3 war axe
Missiles
 A - a throwing net (quivered)
Armour
 g - a +1 pair of boots (worn)
 q - a +0 pair of gloves (worn)
 r - a scarf of invisibility (worn)
 y - a +0 kite shield (worn)
 D - an orb of guile
Jewellery
 c - an amulet of reflection (around neck)
 m - a ring of willpower (left hand)
 H - the ring of Tufof (right hand) {rC- rCorr Int+3 SInv}
   (You acquired it on level 9 of the Dungeon)

   [ring of resist corrosion]

   Int:       It affects your intelligence (+3).
   rC:        It makes you vulnerable to cold.
   SInv:      It lets you see invisible.
   rCorr:     It protects you from acid and corrosion.
Wands
 s - a wand of quicksilver (8)
 C - a wand of digging (11)
 J - a wand of mindburst (4)
 M - a wand of iceblast (6)
Scrolls
 i - a scroll of brand weapon
 k - 7 scrolls of teleportation
 l - 3 scrolls of fear
 o - a scroll of fog
 w - a scroll of amnesia
 z - a scroll of enchant armour
 F - 2 scrolls of poison
 K - a scroll of magic mapping
 L - a scroll of identify
Potions
 b - 9 potions of flight
 d - 4 potions of curing
 e - 2 potions of ambrosia
 h - 5 potions of heal wounds
 j - 3 potions of attraction
 n - 5 potions of mutation
 t - 2 potions of haste
 u - 3 potions of magic
 v - 2 potions of brilliance
 x - a potion of lignification {unknown}
 I - a potion of might
Miscellaneous
 B - a lightning rod (4/4)


   Skills:
 + Level 8.3 Fighting
 * Level 10.4 Maces & Flails
 + Level 6.9 Dodging
 + Level 6.9 Stealth
 * Level 6.1 Shields
 + Level 4.0 Evocations


You had 10 spell levels left.
You didn't know any spells.
Your spell library was empty.

Dungeon Overview and Level Annotations

Branches:
Dungeon (10/15)            Temple (0/1) D:5            Lair (0/5) D:10
    Orc (0/2) D:10          Sewer (visited)         Ossuary (visited)

Altars:
Fedhas
Hepliaklqana
Kikubaaqudgha
Qazlal
Uskayaw
Vehumet
The Shining One

Shops:
D:4 !   D:8 [


Innate Abilities, Weirdness & Mutations

You can breathe blasts of noxious fumes.
Your lurid green scales are hard. (AC +7)
You cannot fit into any form of body armour.
Your system is resistant to poisons. (rPois)
You are cold-blooded and may be slowed by cold attacks.


Message History

You kill the orc wizard!
Trog accepts your kill.
Trog appreciates your killing of a magic user.
You block the orc's attack.
A troll comes into view.
The troll shouts!
Things that are here:
a +0 dagger; a +0 robe; 9 gold pieces You bludgeon the orc!!
You freeze the orc.
You kill the orc!
Trog accepts your kill.
You enter the shallow water.
Moving in this stuff is going to be slow.
You feel a strong urge to attack something.
You are no longer berserk.
You are exhausted.
You feel yourself slow down.
Aiming: Breathe Noxious Fumes (3% risk of failure)
Press: ? - help, Shift-Dir - straight line, f - troll
Aim: a troll (59% to hit)
You exhale a blast of noxious fumes.
The blast of choking fumes hits the troll.
The troll is lightly wounded.
You feel the effects of Trog's Hand fading.
The troll is engulfed in noxious fumes.
The troll appears confused.
The troll bites you but does no damage. You block the troll's attack.
The troll claws you!
* * * LOW HITPOINT WARNING * * *
You bludgeon the troll!! You freeze the troll!
You tail-slap the troll, but do no damage.
The troll is severely wounded.
The troll is engulfed in noxious fumes.
The troll appears confused.
The troll bites you but does no damage. You block the troll's attack.
The troll closely misses you.
You catch the helpless troll completely off-guard!
You hit the troll. You freeze the troll.
Your tail-slap misses the troll.
The troll is severely wounded.
You block the troll's attack. x2; The troll closely misses you.
The troll bites you!
You die...

#......~..~≈≈≈≈≈~.~....
#....~..~≈~≈≈≈≈≈≈~..~..
##...~~≈.~≈≈≈≈≈≈≈≈~~~...
##...~≈≈~.≈≈≈≈≈≈≈≈≈≈~...
....~≈≈≈≈≈≈≈~~.~.~≈≈~...
.)..~~≈≈~~≈~....~~≈≈..~.
)#.....)......>..≈≈~~...
##..~≈~†~~..~..)~~~.~~~.
.......~≈≈≈..)))@○~○.°○.
#...~~≈~~≈≈≈~..~~T~..~..
#....~)≈~~~~~~~≈≈~~~....
##.....~~..~~.~~≈..~....
#..............~...~≈..
#......................
#####......#####..#....
#......# ..#.>..
#......#


You could see a troll (confused).

Vanquished Creatures
  A boulder beetle (D:9)
  A two-headed ogre (D:6)
  Maggie (D:8)
  An unseen horror (D:9)
  A kobold demonologist (D:10)
  A tengu conjurer (D:9)
  Prince Ribbit (D:8)
  A troll (D:10)
  A vampire (D:9)
  3 wyverns
  A wraith (D:9)
  A redback (D:9)
  4 water moccasins
  An orc warrior (D:10)
  A sky beast (D:8)
  A black bear (D:7)
  2 ice beasts
  2 wolves (D:10)
  2 centaurs
  A bullfrog (D:7)
  3 phantoms
  4 gnoll sergeants
  4 scorpions
  5 wights (D:8)
  14 killer bees
  3 howler monkeys (D:8)
  3 electric eels (D:10)
  4 centaur zombies (Ossuary)
  4 crimson imps (D:7)
  7 hounds
  Crazy Yiuf (D:7)
  6 orc priests
  3 jellies
  2 sleepcaps
  An iguana (D:6)
  14 orc wizards
  Natasha (thrice) (D:3)
  A statue (D:7)
  6 mummies (Ossuary)
  27 gnolls
  16 adders
  7 river rats
  3 shadow imps (D:7)
  2 white imps (D:7)
  An ufetubus (D:5)
  2 dart slugs
  7 worms
  48 orcs
  11 bats
  4 endoplasms
  9 giant cockroaches
  6 hobgoblins
  5 jackals
  A quokka (D:4)
  14 ball pythons
  7 frilled lizards
  A goblin (D:1)
  3 hobgoblin zombies (Ossuary)
  7 kobolds
  6 rats
303 creatures vanquished.

Vanquished Creatures (others)
  A bullfrog (D:8)
  3 orcs (D:10)
4 creatures vanquished.

Grand Total: 307 creatures vanquished

Notes
Turn   | Place    | Note
-------+----------+-------------------------------------------
     0 | D:1      | a11behringer the Draconian Berserker began the quest for
                  | the Orb.
     0 | D:1      | Reached XP level 1. HP: 19/19 MP: 1/1
   181 | D:1      | Reached XP level 2. HP: 26/26 MP: 2/2
   810 | D:2      | Found an ancient bone altar of Kikubaaqudgha.
   838 | D:2      | Reached skill level 1 in Stealth
   838 | D:2      | Reached XP level 3. HP: 31/31 MP: 3/3
  1384 | D:2      | Reached ** piety under Trog
  1396 | D:2      | Reached XP level 4. HP: 31/40 MP: 4/4
  1466 | D:2      | Found a faded altar of an unknown god.
  1751 | D:3      | Noticed Natasha
  1758 | D:3      | Killed Natasha
  1759 | D:3      | Reached skill level 4 in Maces & Flails
  1842 | D:3      | Noticed Natasha
  1860 | D:3      | Reached XP level 5. HP: 31/46 MP: 5/5
  2142 | D:3      | Killed Natasha
  2481 | D:3      | Noticed a water moccasin
  2500 | D:3      | Killed a water moccasin
  2501 | D:3      | Reached skill level 5 in Maces & Flails
  2501 | D:3      | Reached XP level 6. HP: 53/53 MP: 6/6
  2576 | D:3      | Noticed Natasha
  2583 | D:3      | Killed Natasha
  2741 | D:4      | Found Zedd's Distillery.
  2920 | D:4      | Found a sand-covered staircase.
  2996 | Ossuary  | Entered an ossuary
  3046 | Ossuary  | Your scales start taking on a lurid green colour.
  3046 | Ossuary  | Reached XP level 7. HP: 56/60 MP: 7/7
  3046 | Ossuary  | Gained mutation: Your system is resistant to poisons.
                  | (rPois) [Green Draconian growth]
  3055 | Ossuary  | Reached skill level 5 in Fighting
  3272 | D:4      | Identified the +7 dagger of Okawaru's Reproof {freeze,
                  | rElec rF+ Str+4}
  3381 | D:4      | Found a glowing drain.
  3412 | Sewer    | Entered a sewer
  3416 | Sewer    | Reached *** piety under Trog
  3422 | Sewer    | Reached skill level 6 in Maces & Flails
  4292 | D:4      | Identified the +3 ring mail "Ihassim" {rN+}
  4603 | D:5      | Entered Level 5 of the Dungeon
  4623 | D:5      | Reached XP level 8. HP: 37/69 MP: 8/8
  4971 | D:5      | Found a stormy altar of Qazlal.
  4982 | D:5      | Reached **** piety under Trog
  5005 | D:5      | Found a staircase to the Ecumenical Temple.
  5024 | D:5      | Reached skill level 7 in Maces & Flails
  5972 | D:6      | Reached skill level 5 in Dodging
  5987 | D:6      | Noticed a two-headed ogre
  5995 | D:6      | Killed a two-headed ogre
  5996 | D:6      | Reached skill level 8 in Maces & Flails
  5996 | D:6      | Reached skill level 5 in Stealth
  5996 | D:6      | Reached XP level 9. HP: 58/78 MP: 9/9
  6365 | D:6      | Found a glowing golden altar of the Shining One.
  6371 | D:6      | Reached skill level 1 in Shields
  6489 | D:6      | Reached skill level 1 in Evocations
  6866 | D:7      | Found a blossoming altar of Fedhas.
  6976 | D:7      | Found a hide-covered altar of Uskayaw.
  7042 | D:7      | Reached ***** piety under Trog
  7111 | D:7      | Reached skill level 9 in Maces & Flails
  7314 | D:7      | Found a runed translucent door.
  7315 | D:7      | Noticed Crazy Yiuf
  7323 | D:7      | Killed Crazy Yiuf
  7397 | D:7      | Found a radiant altar of Vehumet.
  7721 | D:8      | Noticed Maggie
  7733 | D:8      | Killed Maggie
  7734 | D:8      | Reached XP level 10. HP: 38/86 MP: 10/10
  8051 | D:8      | Found Eliho's Armour Emporium.
  8474 | D:8      | Noticed Prince Ribbit
  8487 | D:8      | Killed Prince Ribbit
  9009 | D:9      | Identified the +0 robe of Roamn {rF+ Int+3}
  9027 | D:9      | Noticed a boulder beetle
  9061 | D:9      | Killed a boulder beetle
  9127 | D:9      | Found a hazy altar of Hepliaklqana.
  9127 | D:9      | Found a hide-covered altar of Uskayaw.
  9298 | D:9      | HP: 3/88 [something (5)]
  9336 | D:9      | Reached skill level 5 in Shields
  9708 | D:9      | Reached skill level 10 in Maces & Flails
 10258 | D:9      | Identified a scroll of acquirement
 10258 | D:9      | Acquired the ring of Tufof {rC- rCorr Int+3 SInv}
 10578 | D:10     | Entered Level 10 of the Dungeon
 11008 | D:10     | Found a staircase to the Orcish Mines.
 11082 | D:10     | Reached XP level 11. HP: 51/94 MP: 11/11
 11342 | D:10     | Found a staircase to the Lair.
 11398 | D:10     | Slain by a troll

Illustrated notes

Levels and vault maps discovered:
D:1:      mushboom_english_gardens, layout_basic
D:2:      layout_loops_ring, basic_altar,
          hellmonk_ecumenical_altar_defaced_shrine
D:3:      layout_loops_corners, uniq_natasha
D:4:      layout_loops_ring, lightli_sewer_entry_pipes, serial_shops,
          nicolae_stop_n_shop_2, nicolae_ossuary_entry_false_entrances,
          minmay_strange_pillars
D:5:      layout_layer_cave, nicolae_qazlal_eye_of_the_storm,
          minmay_temple_entry_wispy
D:6:      layout_cave_pools, tso_metal_star
D:7:      layout_rooms, vehumet_statue, hangedman_feature_mirror,
          nicolae_lava_and_water, minmay_nine_imps, uniq_crazy_yiuf_cottage
D:8:      layout_rooms, serial_shops, nicolae_shop_hallway_stairs,
          serial_corexii_hall, corexii_hall_statues_s,
          chequers_hall_statues_corner_a, lemuel_flame_loot_1,
          uniq_prince_ribbit1, uniq_maggie
D:9:      layout_loops_ring, nicolae_overflow_two_pavilions, serial_rivers,
          chequers_serial_rivers_room_b, chequers_serial_rivers_micro_e,
          chequers_serial_rivers_room_b, chequers_serial_rivers_large_a,
          chequers_serial_rivers_marsh, chequers_serial_rivers_large_b,
          minmay_three_doors
D:10:     layout_roguey, erik_lair_island, hiddenorc2_lemuel

Skill      XL: |  1  2  3  4  5  6  7  8  9 10 11 |
---------------+----------------------------------+-----
Stealth        | 1 2 3 4 5 6 |  6.9
Dodging        | 3 4 5 6 |  6.9
Maces & Flails | 4 5 6 8 9 10 | 10.4
Fighting       | 4 5 6 7 8 |  8.3
Shields        | 3 5 6 |  6.1
Evocations     | 2 3 4 |  4.0

Action                     |  1- 3 |  4- 6 |  7- 9 | 10-12 || total
---------------------------+-------+-------+-------+-------++-------
  Melee: Mace              |    93 |   145 |   246 |       ||   484
         Tailslap          |     9 |    22 |    56 |    42 ||   129
         Punch             |     1 |     1 |     2 |       ||     4
         Morningstar       |       |       |   291 |   335 ||   626
 Invoke: Berserk           |       |     5 |     4 |     3 ||    12
         Trog's Hand       |       |     2 |     3 |     3 ||     8
Ability: Breathe Noxious F |       |       |       |     4 ||     4
    Use: Scroll            |       |     6 |    15 |     3 ||    24
         Potion            |       |       |       |     1 ||     1
   Stab: Sleeping          |     2 |     2 |    10 |     8 ||    22
         Distracted        |       |       |     1 |       ||     1
         Confused          |       |       |       |     5 ||     5
 Armour: Skin              |    30 |    81 |   276 |   140 ||   527
  Dodge: Dodged            |    69 |    86 |   411 |   174 ||   740
  Block: Other             |    24 |    35 |   118 |       ||   177
         Kite shield       |       |       |   117 |   275 ||   392
         Reflection        |       |       |     2 |     2 ||     4

Table legend: (Time is in decaauts)
 A = Elapsed time spent in this place.
 B = Non-inter-level travel time spent in this place.
 C = Inter-level travel time spent in this place.
 D = Time resting spent in this place.
 E = Time spent auto-exploring this place.
 F = Levels seen in this place.
 G = Mean time per level.
                   A        B        C        D        E       F      G
               +--------+--------+--------+--------+--------+-----+--------+
         Total |  11951 |  11118 |    833 |      0 |   8606 |  12 |  995.9 |
       Dungeon |  10813 |   9980 |    833 |      0 |   7953 |  10 | 1081.3 |
         Sewer |    914 |    914 |      0 |      0 |    535 |   1 |  914.0 |
       Ossuary |    223 |    223 |      0 |      0 |    118 |   1 |  223.0 |
               +--------+--------+--------+--------+--------+-----+--------+

Top non-repeatable levels by time:
     D:9: 1995 daAuts
     D:5: 1381 daAuts
     D:8: 1218 daAuts
     D:3: 1189 daAuts
     D:4: 988 daAuts
   Sewer: 914 daAuts
     D:2: 852 daAuts
    D:10: 851 daAuts
     D:1: 785 daAuts
     D:7: 781 daAuts
     D:6: 770 daAuts
 Ossuary: 223 daAuts
